IL
SYRACUSE CHIEFS @ LEHIGH VALLEY IRONPIGS
06/26/2047
 
TOP OF THE 1ST
Syracuse Chiefs batting - Pitching for Lehigh Valley IronPigs : RHP William-Floyd Goof
Pitching: RHP William-Floyd Goof
Batting: RHB Jim Miske 0-0: Bunt for hit to 13S - play at first, batter OUT! 1-3
Batting: RHB Dusty Ballard 0-0: Ball
1-0: Swinging Strike
1-1: Called Strike
1-2: Ball
2-2: Ball
3-2: Ground out 4-3 (Groundball, 4, EV 106.2 MPH)
Batting: LHB Jae-ik Soung 0-0: Ground out 6-3 (Groundball, 6, EV 88.1 MPH)
Top of the 1st over - 0 runs, 0 hits, 0 errors, 0 left on base; Syracuse 0 - Lehigh Valley 0
BOTTOM OF THE 1ST
Lehigh Valley IronPigs batting - Pitching for Syracuse Chiefs : LHP Harry Osborne
Pitching: LHP Harry Osborne
Batting: RHB Jesus Galvan 0-0: Called Strike
0-1: Ball
1-1: Ball
2-1: Foul Ball, location: 2F
2-2: Hit by Pitch
Batting: RHB Alberto Ramirez 0-0: SINGLE (Groundball, 56D, EV 103.1 MPH)
Jesus Galvan to second
Batting: SHB Phuck II 0-0: Fly out, F9 (Flyball, 9LSF, EV 95.0 MPH)
Batting: RHB Quintin Parker 0-0: Called Strike
0-1: Ball
1-1: Fly out, F9 (Line Drive, 89M, EV 104.4 MPH)
Batting: RHB Moritake Fukumoto 0-0: Called Strike
0-1: Ball
1-1: Ball
2-1: Foul Ball, location: 2F
2-2: DOUBLE (Flyball, 8LXD, EV 110.0 MPH)
Jesus Galvan scores
Alberto Ramirez to third
Runner from 3rd tries for Home, SAFE, throw by CF to home
Batting: LHB Jose Carlos 0-0: Ball
1-0: Ball
2-0: Ground out U3 (Groundball, 3, EV 88.8 MPH)
Bottom of the 1st over - 2 runs, 2 hits, 0 errors, 1 left on base; Syracuse 0 - Lehigh Valley 2
TOP OF THE 2ND
Syracuse Chiefs batting - Pitching for Lehigh Valley IronPigs : RHP William-Floyd Goof
Batting: RHB Donovan Auclair 0-0: Ball
1-0: Foul Ball, location: 2F
1-1: Ball
2-1: Called Strike
2-2: Foul Ball, location: 2F
2-2: Strikes out looking
Batting: LHB Doug Anderson 0-0: Called Strike
0-1: Swinging Strike
0-2: Ground out 4-3 (Groundball, 4, EV 83.8 MPH)
Batting: RHB Ryan Hiemer 0-0: Ground out 5-3 (Groundball, 56S, EV 84.4 MPH)
Top of the 2nd over - 0 runs, 0 hits, 0 errors, 0 left on base; Syracuse 0 - Lehigh Valley 2
BOTTOM OF THE 2ND
Lehigh Valley IronPigs batting - Pitching for Syracuse Chiefs : LHP Harry Osborne
Batting: RHB Charles Marcel 0-0: Called Strike
0-1: Swinging Strike
0-2: Ball
1-2: Ball
2-2: Ball
3-2: Ground out 6-3 (Groundball, 6, EV 86.9 MPH)
Batting: LHB Theodore Conboy 0-0: Ball
1-0: Ball
2-0: Ball
3-0: Called Strike
3-1: Called Strike
3-2: SINGLE (Line Drive, 9S, EV 109.4 MPH)
Batting: SHB Benjamin Brown 0-0: Called Strike
0-1: Foul Ball, location: 2F
0-2: Ball
1-2: Strikes out looking
Batting: RHB Jesus Galvan Pickoff Throw to First - Out! 1-3
Bottom of the 2nd over - 0 runs, 1 hit, 0 errors, 0 left on base; Syracuse 0 - Lehigh Valley 2
TOP OF THE 3RD
Syracuse Chiefs batting - Pitching for Lehigh Valley IronPigs : RHP William-Floyd Goof
Batting: LHB John Luke 0-0: Called Strike
0-1: Swinging Strike
0-2: Ball
1-2: Ball
2-2: Foul Ball, location: 2F
2-2: Ball
3-2: Base on Balls
Batting: LHB Tom Reynolds 0-0: Ball
1-0: Foul Ball, location: 2F
1-1: Swinging Strike
1-2: Strikes out looking
Batting: RHB Gabe Almazan 0-0: Swinging Strike
0-1: Swinging Strike
0-2: Foul Ball, location: 2F
0-2: Ball
1-2: Foul Ball, location: 2F
1-2: Ball
2-2: Strikes out swinging
Batting: RHB Jim Miske 0-0: Ball
1-0: Called Strike
1-1: Swinging Strike
1-2: Strikes out swinging
Top of the 3rd over - 0 runs, 0 hits, 0 errors, 1 left on base; Syracuse 0 - Lehigh Valley 2
BOTTOM OF THE 3RD
Lehigh Valley IronPigs batting - Pitching for Syracuse Chiefs : LHP Harry Osborne
Batting: RHB Jesus Galvan 0-0: Ball
1-0: SINGLE (Groundball, 56D, EV 97.5 MPH)
Batting: RHB Alberto Ramirez 0-0: Fly out, F1 (Popup, P, EV 78.8 MPH)
Batting: SHB Phuck II 0-0: Reached on error, E5 (Groundball, 56, EV 89.4 MPH)
Jesus Galvan to second
Batting: RHB Quintin Parker 0-0: Ball
1-0: Ball
2-0: Called Strike
2-1: Called Strike
2-2: Foul Ball, location: 2F
2-2: SINGLE (Flyball, 89S, EV 86.9 MPH)
Jesus Galvan to third
Phuck II to second
Runner from 3rd tries for Home, SAFE, throw by RF to home
Batting: RHB Moritake Fukumoto 0-0: Ball
Phuck II steals 3rd base (no throw)
1-0: Ball
2-0: Called Strike
2-1: Ball
3-1: Base on Balls
Quintin Parker to second
Batting: LHB Jose Carlos 0-0: Ball
1-0: DOUBLE (Line Drive, 89M, EV 93.8 MPH)
Phuck II scores
Quintin Parker scores
Moritake Fukumoto to third
Pitching: RHP Dan Johnson
Batting: RHB Charles Marcel 0-0: Ball
1-0: Swinging Strike
1-1: Called Strike
1-2: Ball
2-2: Foul Ball, location: 2F
2-2: Ball
3-2: Base on Balls
Batting: LHB Theodore Conboy 0-0: Foul Ball, location: 2F
0-1: Ball
1-1: Called Strike
1-2: Reached via error on a dropped throw from 1B, E1 (Groundball, 13, EV 86.2 MPH)
Moritake Fukumoto scores
Jose Carlos to third
Charles Marcel to second
Batting: SHB Benjamin Brown 0-0: SINGLE (Line Drive, 6MD, EV 96.2 MPH)
Jose Carlos scores
Charles Marcel to third
Theodore Conboy to second
Runner from 3rd tries for Home, SAFE, throw by CF to home
Batting: RHB Jesus Galvan 0-0: Fielders Choice at 2nd, 5-4 (Groundball, 56, EV 88.1 MPH)
Theodore Conboy to third
Batting: RHB Alberto Ramirez 0-0: Ball
1-0: Ball
2-0: Foul Ball, location: 2F
2-1: SINGLE (Line Drive, 8RS, EV 86.2 MPH)
Theodore Conboy scores
Jesus Galvan to second
Batting: SHB Phuck II 0-0: Swinging Strike
0-1: Ball
1-1: Foul Ball, location: 2F
1-2: Ball
2-2: Ball
3-2: Fly out, F9 (Flyball, 9S, EV 91.2 MPH)
Bottom of the 3rd over - 7 runs, 5 hits, 2 errors, 2 left on base; Syracuse 0 - Lehigh Valley 9
TOP OF THE 4TH
Syracuse Chiefs batting - Pitching for Lehigh Valley IronPigs : RHP William-Floyd Goof
Batting: RHB Dusty Ballard 0-0: Foul Ball, location: 2F
0-1: Foul Ball, location: 2F
0-2: Strikes out swinging
Batting: LHB Jae-ik Soung 0-0: Ball
1-0: Ball
2-0: Ball
3-0: Called Strike
3-1: Base on Balls
Batting: RHB Donovan Auclair 0-0: Called Strike
0-1: Foul Ball, location: 2F
0-2: Fly out, F7 (Flyball, 78M, EV 83.8 MPH)
Batting: LHB Doug Anderson 0-0: Called Strike
0-1: Swinging Strike
0-2: Ball
1-2: Strikes out looking
Top of the 4th over - 0 runs, 0 hits, 0 errors, 1 left on base; Syracuse 0 - Lehigh Valley 9
BOTTOM OF THE 4TH
Lehigh Valley IronPigs batting - Pitching for Syracuse Chiefs : RHP Dan Johnson
Batting: RHB Quintin Parker 0-0: Called Strike
0-1: Ball
1-1: Fly out, F8 (Line Drive, 8RM, EV 97.5 MPH)
Batting: RHB Moritake Fukumoto 0-0: Called Strike
0-1: Ball
1-1: Ground out 4-3 (Groundball, 4, EV 83.1 MPH)
Batting: LHB Jose Carlos 0-0: Ball
1-0: SINGLE (Line Drive, 7LS, EV 100.6 MPH)
Batting: RHB Charles Marcel 0-0: Called Strike
0-1: Swinging Strike
0-2: Strikes out swinging
Bottom of the 4th over - 0 runs, 1 hit, 0 errors, 1 left on base; Syracuse 0 - Lehigh Valley 9
TOP OF THE 5TH
Syracuse Chiefs batting - Pitching for Lehigh Valley IronPigs : RHP William-Floyd Goof
Batting: RHB Ryan Hiemer 0-0: Ball
1-0: Called Strike
1-1: SINGLE (Line Drive, 89S, EV 106.9 MPH)
Batting: LHB John Luke 0-0: Swinging Strike
0-1: Swinging Strike
0-2: Ball
1-2: Ball
2-2: Ball
3-2: Strikes out looking
Batting: LHB Tom Reynolds 0-0: Ball
1-0: Called Strike
1-1: SINGLE (Groundball, 4MD, EV 95.0 MPH)
Ryan Hiemer to second
Batting: RHB Gabe Almazan 0-0: Called Strike
0-1: Ball
1-1: Swinging Strike
1-2: Ball
2-2: Strikes out swinging
Batting: RHB Jim Miske 0-0: Foul Ball, location: 2F
0-1: Called Strike
0-2: Fly out, F9 (Flyball, 9LS, EV 80.0 MPH)
Top of the 5th over - 0 runs, 2 hits, 0 errors, 2 left on base; Syracuse 0 - Lehigh Valley 9
BOTTOM OF THE 5TH
Lehigh Valley IronPigs batting - Pitching for Syracuse Chiefs : RHP Dan Johnson
Batting: LHB Theodore Conboy 0-0: Ball
1-0: Ball
2-0: Ball
3-0: Base on Balls
Batting: SHB Benjamin Brown 0-0: Ball
1-0: SINGLE (Flyball, 78M, EV 98.1 MPH)
Theodore Conboy to second
Batting: RHB Jesus Galvan 0-0: Foul Ball, location: 2F
0-1: Ground out 5-3 (Groundball, 56S, EV 70.0 MPH)
Theodore Conboy to third
Benjamin Brown to second
Batting: RHB Alberto Ramirez 0-0: Ball
1-0: Fly out, F4 (Popup, 4M, EV 71.2 MPH)
Batting: SHB Phuck II 0-0: Ball
1-0: Called Strike
1-1: Ground out U3 (Groundball, 3, EV 81.9 MPH)
Bottom of the 5th over - 0 runs, 1 hit, 0 errors, 2 left on base; Syracuse 0 - Lehigh Valley 9
TOP OF THE 6TH
Syracuse Chiefs batting - Pitching for Lehigh Valley IronPigs : RHP William-Floyd Goof
Batting: RHB Dusty Ballard 0-0: Fly out, F7 (Flyball, 7, EV 85.0 MPH)
Batting: LHB Jae-ik Soung 0-0: Ball
1-0: Ball
2-0: Ball
3-0: Base on Balls
Batting: RHB Donovan Auclair 0-0: Ball
1-0: Ball
2-0: Foul Ball, location: 2F
2-1: SINGLE (Flyball, 78S, EV 92.5 MPH)
Jae-ik Soung to second
Batting: LHB Doug Anderson 0-0: Swinging Strike
0-1: Ball
1-1: Foul Ball, location: 2F
1-2: Strikes out swinging
Batting: RHB Ryan Hiemer 0-0: Ball
1-0: Ball
2-0: Called Strike
2-1: Fielders Choice at 2nd, 6-4 (Groundball, 6, EV 111.2 MPH)
Top of the 6th over - 0 runs, 1 hit, 0 errors, 2 left on base; Syracuse 0 - Lehigh Valley 9
BOTTOM OF THE 6TH
Lehigh Valley IronPigs batting - Pitching for Syracuse Chiefs : RHP Dan Johnson
Batting: RHB Quintin Parker 0-0: Ball
1-0: Ball
2-0: Called Strike
2-1: Called Strike
2-2: Foul Ball, location: 2F
2-2: Fly out, F7 (Flyball, 7S, EV 93.8 MPH)
Batting: RHB Moritake Fukumoto 0-0: Ball
1-0: Ball
2-0: Called Strike
2-1: Ball
3-1: Foul Ball, location: 2F
3-2: Foul Ball, location: 2F
3-2: SINGLE (Groundball, 56, EV 106.9 MPH)
Pitching: RHP Jose Barreras
Batting: LHB Jose Carlos 0-0: Swinging Strike
0-1: Foul Ball, location: 2F
0-2: Ball
1-2: Foul Ball, location: 2F
1-2: Ball
2-2: Strikes out swinging
Batting: RHB Charles Marcel 0-0: Called Strike
0-1: Foul Ball, location: 2F
0-2: Ball
1-2: Fielders Choice at 2nd, 5-4 (Groundball, 56D, EV 91.9 MPH)
Bottom of the 6th over - 0 runs, 1 hit, 0 errors, 1 left on base; Syracuse 0 - Lehigh Valley 9
TOP OF THE 7TH
Syracuse Chiefs batting - Pitching for Lehigh Valley IronPigs : RHP William-Floyd Goof
Batting: LHB John Luke 0-0: Ball
1-0: Ball
2-0: Ball
3-0: Base on Balls
Batting: LHB Tom Reynolds 0-0: Ball
1-0: Fielders Choice at 2nd, 3-6 (Groundball, 34S, EV 94.4 MPH)
Batting: RHB Gabe Almazan 0-0: Fielders Choice at 2nd, 6-4 (Groundball, 6, EV 83.8 MPH)
Batting: RHB Jim Miske 0-0: Ball
1-0: Foul Ball, location: 2F
1-1: Called Strike
1-2: Fly out, F8 (Flyball, 8RD, EV 86.9 MPH)
Top of the 7th over - 0 runs, 0 hits, 0 errors, 1 left on base; Syracuse 0 - Lehigh Valley 9
BOTTOM OF THE 7TH
Lehigh Valley IronPigs batting - Pitching for Syracuse Chiefs : RHP Jose Barreras
Batting: LHB Theodore Conboy 0-0: Ground out 1-3 (Groundball, P, EV 73.1 MPH)
Batting: SHB Benjamin Brown 0-0: Swinging Strike
0-1: Foul Ball, location: 2F
0-2: SINGLE (Line Drive, 4D, EV 102.5 MPH)
Batting: RHB Jesus Galvan 0-0: Ball
1-0: Foul Ball, location: 2F
1-1: SINGLE (Groundball, 4D, EV 103.1 MPH)
Benjamin Brown to second
Runner from 2nd tries for 3rd, SAFE, throw by CF made to third
Batting: RHB Alberto Ramirez 0-0: Called Strike
0-1: Ball
1-1: Grounds into double play, 4-6-3 (Groundball, 4, EV 104.4 MPH)
Bottom of the 7th over - 0 runs, 2 hits, 0 errors, 1 left on base; Syracuse 0 - Lehigh Valley 9
TOP OF THE 8TH
Syracuse Chiefs batting - Pitching for Lehigh Valley IronPigs : RHP William-Floyd Goof
Pitching: RHP Chad Capaldi
Batting: RHB Dusty Ballard 0-0: Ball
1-0: Ball
2-0: Called Strike
2-1: Fly out, F8 (Flyball, 78XD, EV 81.9 MPH)
Batting: LHB Jae-ik Soung 0-0: Called Strike
0-1: Swinging Strike
0-2: Foul Ball, location: 2F
0-2: Ball
1-2: Foul Ball, location: 2F
1-2: Foul Ball, location: 2F
1-2: Strikes out swinging
Batting: RHB Donovan Auclair 0-0: Ball
1-0: Called Strike
1-1: Foul Ball, location: 2F
1-2: Ball
2-2: Ball
3-2: Base on Balls
Batting: LHB Doug Anderson 0-0: Foul Ball, location: 2F
0-1: Swinging Strike
0-2: Foul Ball, location: 2F
0-2: Foul Ball, location: 2F
0-2: Strikes out looking
Top of the 8th over - 0 runs, 0 hits, 0 errors, 1 left on base; Syracuse 0 - Lehigh Valley 9
BOTTOM OF THE 8TH
Lehigh Valley IronPigs batting - Pitching for Syracuse Chiefs : RHP Jose Barreras
Batting: SHB Phuck II 0-0: Called Strike
0-1: Ball
1-1: Called Strike
1-2: Ball
2-2: Ground out U3 (Groundball, 3L, EV 83.8 MPH)
Pinch Hitting: RHB John Manocchio 0-0: Called Strike
0-1: Ball
1-1: Foul Ball, location: 2F
1-2: Foul Ball, location: 2F
1-2: Strikes out swinging
Batting: RHB Moritake Fukumoto 0-0: Called Strike
0-1: DOUBLE (Flyball, 9LD, EV 105.0 MPH)
Batting: LHB Jose Carlos 0-0: Ball
1-0: Called Strike
1-1: Foul Ball, location: 2F
1-2: Strikes out looking
Bottom of the 8th over - 0 runs, 1 hit, 0 errors, 1 left on base; Syracuse 0 - Lehigh Valley 9
TOP OF THE 9TH
Syracuse Chiefs batting - Pitching for Lehigh Valley IronPigs : RHP Chad Capaldi
Now at 1B: John Manocchio
Batting: RHB Ryan Hiemer 0-0: Ground out 5-3 (Groundball, 56, EV 94.4 MPH)
Batting: LHB John Luke 0-0: Reached via error on a dropped throw from 1B, E1 (Groundball, 34, EV 111.9 MPH)
Batting: LHB Tom Reynolds 0-0: Foul Ball, location: 2F
0-1: Called Strike
0-2: Foul Ball, location: 2F
0-2: Ball
1-2: SINGLE (Groundball, 4MD, EV 98.1 MPH)
John Luke to second
Batting: RHB Gabe Almazan 0-0: Ball
1-0: Called Strike
1-1: Foul Ball, location: 2F
1-2: Foul Ball, location: 2F
1-2: Strikes out swinging
Batting: RHB Jim Miske 0-0: Ball
1-0: Ball
2-0: Ball
3-0: Base on Balls
John Luke to third
Tom Reynolds to second
Batting: RHB Dusty Ballard 0-0: Called Strike
0-1: Ball
1-1: Ball
2-1: Foul Ball, location: 2F
2-2: Foul Ball, location: 2F
2-2: Fly out, F7 (Flyball, 78M, EV 94.4 MPH)
Top of the 9th over - 0 runs, 1 hit, 1 error, 3 left on base; Syracuse 0 - Lehigh Valley 9
Thursday, December 15th , 2022 - OOTP Baseball 23.9 Build 102